AoeStats
← ajanderson120

MegaRandom

510194392Analyzed
4v4 RM · 4d ago on Sep 29, 2026· 31m 14s· 8 players
Game mode
Random Map
Map size
Large (8 player)
Population
200
Speed
Normal
Resources
Standard
Victory
Conquest
Starting age
Dark Age
Ending age
Imperial Age
RankedLock teamsTeams togetherTeam positionsShared explorationLock speedFull tech treeHidden civsTurbo modeCheats
Victory
Defeat
🇷🇺 Vietnamese · Russia
1386
+10
🇦🇷 Persians · Argentina
1385
+10
🇨🇳 Mongols · China
1378
+10
🇦🇷 Saxons · Argentina
1164
+17
🇹🇷 Britons · Türkiye
1318
-15
🇺🇸 Tupi · United States
1245
-12
🇲🇽 Mongols · Mexico
1208
-11
🇵🇹 Poles · Portugal
1160
-9
ajanderson120
7:32 Loom
10:12 Feudal Age
20:26 Castle Age
19:03 Champi Runner
19:58 Champi Runner
20:42 Scale Mail Armor
21:13 Squires
20:59 Champi Warrior
26:38 Double-Bit Axe
26:59 Arson
27:28 Forging
30:58 Horse Collar
[GDL] Maldito Pantoja
9:48 Loom
11:34 Feudal Age
15:46 Castle Age
27:13 Forging
27:09 Scale Barding Armor
28:14 Scale Barding Armor
bixo
8:16 Loom
11:01 Feudal Age
12:49 Double-Bit Axe
13:37 Horse Collar
24:25 Castle Age
25:32 Bow Saw
25:48 Forging
25:44 Scale Barding Armor
25:54 Bloodlines
28:39 Szlachta Privileges
Bir durumu var
7:46 Loom
9:51 Feudal Age
10:54 Double-Bit Axe
11:26 Horse Collar
12:54 Fletching
15:02 Padded Archer Armor
24:04 Castle Age
22:29 Gold Mining
24:08 Crossbowman
24:44 Bodkin Arrow
25:50 Ballistics
tima_1999
7:11 Loom
9:58 Feudal Age
10:28 Double-Bit Axe
13:24 Fletching
19:00 Horse Collar
20:27 Padded Archer Armor
21:38 Wheelbarrow
25:43 Castle Age
23:47 Gold Mining
26:42 Bodkin Arrow
28:49 Town Watch
31:31 Leather Archer Armor
damiansima
9:38 Feudal Age
9:09 Loom
10:38 Double-Bit Axe
15:42 Fletching
16:56 Padded Archer Armor
23:39 Castle Age
21:59 Gold Mining
23:05 Horse Collar
23:56 Crossbowman
24:52 Bodkin Arrow
25:13 Thumb Ring
25:44 Leather Archer Armor
Lordbaldomero23
6:00 Loom
6:06 Loom
8:51 Feudal Age
9:26 Double-Bit Axe
11:44 Horse Collar
19:20 Castle Age
18:02 Scale Barding Armor
18:33 Bloodlines
18:31 Gold Mining
20:16 Bow Saw
21:33 Chain Barding Armor
23:53 Forging
24:57 Husbandry
25:53 Heavy Plow
27:48 Wheelbarrow
27:38 Town Watch
30:24 Gold Shaft Mining
木薯大王
10:05 Feudal Age
10:45 Double-Bit Axe
11:05 Horse Collar
15:49 Scale Barding Armor
16:35 Forging
17:51 Bloodlines
21:42 Castle Age
19:46 Gold Mining
22:25 Husbandry
22:50 Chain Barding Armor
23:06 Iron Casting
24:15 Wheelbarrow
23:26 Loom
28:37 Stone Mining
29:34 Bow Saw
29:42 Bow Saw
31:20 Hand Cart
30:51 Loom
32:22 Stone Shaft Mining
Connection lost

Rejoining the realm…

Still unreachable

The connection could not be restored.

Session expired

The server has moved on; the page needs a fresh start.